 Dungeon Crawl Stone Soup version 0.17-a0-989-gada8a91 (webtiles) character file.

1890 Jine the Grappler (level 8, -5/80 HPs)
             Began as a Troll Monk on May 12, 2015.
             Was a Believer of Makhleb.
             Slain by a killer bee (6 damage)
             ... on level 6 of the Dungeon.
             The game lasted 00:24:54 (5309 turns).

Jine the Grappler (Troll Monk)                      Turns: 5309, Time: 00:24:54

Health: -5/80      AC:  5    Str: 22    XL:     8   Next: 92%
Magic:  7/7        EV: 11    Int:  6    God:    Makhleb [**....]
Gold:   398        SH:  0    Dex: 12    Spells: 0 memorised, 7 levels left

rFire  + . .     SeeInvis .       - Unarmed
rCold  + . .     Clarity  .     a - +0 robe
rNeg   . . .     SustAb   .     (no shield)
rPois  +         Gourm    +     (helmet restricted)
rElec  +         Spirit   .     (no cloak)
rCorr  +         Warding  .     (gloves unavailable)
rMut   .         Stasis   .     (boots unavailable)
MR     .....                    (no amulet)
Stlth  ++........               (no ring)
                                v - ring of stealth

@: lethally poisoned (-5 -> -19), resistant, drained, not resistant to hostile
enchantments, unstealthy
A: unfitting armour, claws 3, fast metabolism 3, gourmand, regeneration 2,
shaggy fur 1, tough skin 2
a: Minor Destruction, Renounce Religion


You were on level 6 of the Dungeon.
You worshipped Makhleb.
Makhleb was pleased with you.
You were full.

You visited 2 branches of the dungeon, and saw 8 of its levels.

You collected 398 gold pieces.

Inventory:

Hand weapons
 j - a cursed -3 spear
 x - a +0 whip
Armour
 a - a +0 robe (worn)
 c - a +0 robe
 E - a +1 helmet
Jewellery
 t - a -3 ring of strength
 v - a ring of stealth (left claw)
Magical devices
 d - a wand of frost (17)
 q - a wand of random effects (13)
 y - a wand of confusion (8)
 C - a wand of random effects (34)
 H - a wand of cold (5)
Scrolls
 i - 3 scrolls of remove curse
 k - 7 scrolls of identify {unknown}
 l - a scroll of teleportation {unknown}
 o - a scroll of fog {unknown}
 p - 2 scrolls of noise {unknown}
 r - 3 scrolls of immolation {unknown}
 w - a scroll of enchant weapon
 z - a scroll of random uselessness {unknown}
 D - a scroll of amnesia {unknown}
 G - a scroll of recharging {unknown}
Potions
 e - a potion of ambrosia
 m - 3 potions of flight {unknown}
 n - 2 potions of lignification
 A - a potion of might
 B - a potion of heal wounds
Comestibles
 b - 5 bread rations
 f - 5 fruits
 g - a slice of pizza
 u - a beef jerky
 F - a royal jelly


   Skills:
 + Level 5.2(4.2) Fighting
 + Level 5.6(4.6) Dodging
 - Level 1.1(0.2) Stealth
 * Level 9.1(7.9) Unarmed Combat


You had 7 spell levels left.
You didn't know any spells.

Dungeon Overview and Level Annotations

Branches:
Dungeon (7/15)             Temple (1/1) D:5

Altars:
Cheibriados
Dithmenos
Elyvilon
Fedhas
Gozag
Makhleb
Nemelex Xobeh
Okawaru
Sif Muna
Vehumet
Xom
The Shining One


Innate Abilities, Weirdness & Mutations

You are too large for most types of armour.
You have claws for hands.
Your metabolism is lightning-fast.
You like to eat raw meat.
You heal very quickly.
You are covered in fur (AC +1).
You have very tough skin (AC +2).


Message History

The sky beast flickers out of sight!
Deactivating autopickup; reactivate with Ctrl-A.
Something completely misses you.
The killer bee stings you but does no damage.
You climb upwards.
You feel less invigorated.
You feel less confused.
* * * LOW HITPOINT WARNING * * *
You feel very sick. The bat misses you.
There is a stone staircase leading down here.
It was a potion of magic.
Magic courses through your body.
* * * LOW HITPOINT WARNING * * *
You feel sick.
The killer bee stings you but does no damage.
The bat hits you but does no damage.
The killer bee stings you but does no damage.
The killer bee stings you.
* * * LOW HITPOINT WARNING * * *
The killer bee stings you.
You die...

#.#
#.##..(.................
#.#
#.######............####
#.## #.# ##..........##
#..#
#.###########...##.#
##.#
#.......####.....#.#####
#.#
#######.##...###........
#.# #.##.#..#..##.####
#.# ##y##.##...###.####
#.# #.@y...............
#.# #y.b(.......##..##.
#.# #.###.##.#.###..##.
#.# #.# #.##.#####..#..
#.# #.# #...........#.#
#.# #.# ####.######...#
#.# #.# #.# #.### #.#
#.# #.# #...# #.# #.#
#.# ###.#


You could see 3 killer bees and a bat.

Vanquished Creatures
  The ghost of Jine the Ruffian, an experienced TrMo (D:5)
  Edmund (D:5)
  A hippogriff (D:5)
  An ice beast (D:6)
  Duvessa (D:5)
  A phantom (D:6)
  Dowan (D:5)
  A giant frog (D:7)
  3 scorpions
  3 orc wizards
  A crimson imp (D:4)
  A hound (D:4)
  3 orc priests
  3 iguanas (D:6)
  Jessica (D:2)
  Terence (D:3)
  6 worker ants
  2 hound skeletons (D:5)
  8 adders
  3 gnolls (D:6)
  2 shadow imps
  2 oozes
  4 worms
  2 giant geckos (D:1)
  4 orcs
  4 ball pythons
  A bat zombie (D:6)
  4 giant cockroaches
  14 hobgoblins
  4 jackals
  9 kobolds
  2 quokkas (D:3)
  12 bats
  A giant newt (D:1)
  12 goblins
  9 rats
129 creatures vanquished.

Vanquished Creatures (others)
  A bat (D:2)
1 creature vanquished.

Grand Total: 130 creatures vanquished

Notes
Turn   | Place    | Note
--------------------------------------------------------------
     0 | D:1      | Jine the Troll Monk began the quest for the Orb.
     0 | D:1      | Reached XP level 1. HP: 22/22 MP: 0/0
   200 | D:1      | Reached XP level 2. HP: 26/29 MP: 1/1
   835 | D:2      | Reached XP level 3. HP: 31/36 MP: 2/2
   909 | D:2      | Reached XP level 4. HP: 29/44 MP: 3/3
  1394 | D:2      | Noticed Jessica
  1408 | D:2      | Killed Jessica
  1408 | D:2      | Reached skill level 5 in Unarmed Combat
  1859 | D:3      | Reached XP level 5. HP: 53/53 MP: 4/4
  1918 | D:3      | Noticed Terence
  2013 | D:3      | Killed Terence
  2099 | D:3      | Reached XP level 6. HP: 44/61 MP: 5/5
  2900 | D:4      | Reached skill level 6 in Unarmed Combat
  3318 | D:4      | Reached XP level 7. HP: 62/68 MP: 6/6
  3393 | D:5      | Entered Level 5 of the Dungeon
  3432 | D:5      | Noticed Jine's ghost (experienced TrMo)
  3468 | D:5      | Killed Jine's ghost
  3468 | D:5      | Reached skill level 7 in Unarmed Combat
  3608 | D:5      | Noticed Edmund
  3622 | D:5      | Killed Edmund
  3628 | D:5      | Reached XP level 8. HP: 43/79 MP: 7/7
  3679 | D:5      | Noticed Duvessa
  3688 | D:5      | Noticed Dowan
  3691 | D:5      | Killed Duvessa
  3729 | D:5      | Killed Dowan
  3729 | D:5      | Reached skill level 5 in Dodging
  3729 | D:5      | Reached skill level 8 in Unarmed Combat
  3907 | D:5      | Found a staircase to the Ecumenical Temple.
  3931 | Temple   | Entered the Ecumenical Temple
  3965 | Temple   | Became a worshipper of Makhleb the Destroyer
  3965 | Temple   | Acquired Makhleb's first power
  3965 | Temple   | Acquired Makhleb's second power
  4833 | D:6      | Reached skill level 5 in Fighting
  4984 | D:6      | Reached skill level 9 in Unarmed Combat
  5307 | D:7      | HP: 3/80 [killer bee (5)]
  5309 | D:6      | HP: 1/80 [killer bee (2)]
  5309 | D:6      | Slain by a killer bee

Vault maps used:
D:1:      lightli_arrival_quake
D:2:      st_stairs_5, uniq_jessica
D:3:      minmay_misc_feat_five, uniq_terence
D:4:      first_bread
D:5:      temple_pool_b, uniq_edmund, uniq_duvessa
D:6:      minivault_22
D:7:      serial_shops, shop
Temple:   grunt_circular_temple_18

Action                   |  1- 3 |  4- 6 |  7- 9 || total
-------------------------+-------+-------+-------++-------
Melee: Unarmed           |   104 |   130 |   166 ||   400
  Use: Potion            |       |     2 |     7 ||     9
       Scroll            |       |     2 |       ||     2
 Stab: Sleeping          |       |       |     3 ||     3
  Eat: Chunk             |     9 |    20 |    11 ||    40
       Meat ration       |       |       |     3 ||     3
